 Dungeon Crawl Stone Soup version 0.29.1-1-gd02db6906a (webtiles) character file.

Game seed: 13776640606349844247

2 ImASeal the Sneak (level 1, -9/22 HPs)
             Began as a Troll Delver on Oct 18, 2022.
             Mangled by Menkaure (13 damage)
             ... on level 5 of the Dungeon.
             The game lasted 00:01:53 (135 turns).

ImASeal the Sneak (Troll Delver)                     Turns: 135, Time: 00:01:55

Health: -9/22      AC:  4    Str: 19    XL:     1   Next: 25%
Magic:  0/0        EV:  9    Int:  6    God:
Gold:   0          SH:  0    Dex: 11    Spells: 0/0 levels left

rFire   . . .      SeeInvis .   a - +0 hand axe
rCold   . . .      Faith    .   (no shield)
rNeg    . . .      Spirit   .   b - +0 robe
rPois   .          Reflect  .   (helmet restricted)
rElec   .          Harm     .   (no cloak)
rCorr   .          Rampage  .   (gloves unavailable)
Will    .....                   (boots unavailable)
Stlth   ++........              (no amulet)
HPRegen 0.87/turn               (no ring)
MPRegen 0.07/turn               (no ring)

@: no status effects
A: large, unfitting armour, claws 3, regeneration 1, shaggy fur 1, tough skin 1
a: no special abilities


You were on level 5 of the Dungeon.
You visited 1 branch of the dungeon, and saw 1 of its levels.

Inventory:

Hand Weapons
 a - a +0 hand axe (weapon)
Armour
 b - a +0 robe (worn)
Wands
 d - a wand of mindburst (9)
 g - a wand of digging (3)
Scrolls
 c - a scroll of fog
 e - a scroll of noise {unknown}
Potions
 f - a potion of haste


   Skills:
 + Level 2.4 Fighting
 + Level 1.6 Axes
 + Level 1.5 Dodging
 + Level 2.8 Stealth


You couldn't memorise any spells.
You didn't know any spells.
Your spell library contained the following spells:

 Spells                   Type           Power      Damage    Failure   Level
 Freeze                   Ice            0%         1d3       45%         1
 Frozen Ramparts          Ice            0%         1d1       83%         3
 Hailstorm                Conj/Ice       0%         3d3       99%         4


Dungeon Overview and Level Annotations

Branches:
Dungeon (5/15)             Temple (0/1) D:5

Altars:

Annotations:
D:5 Menkaure


Innate Abilities, Weirdness & Mutations

You are too large for most types of armour.
You have claws for hands.
Your natural rate of healing is unusually fast.
You are covered in fur. (AC +1)
You have tough skin. (AC +1)


Message History

Okay, then.
Found a scale mail.
Found a scroll labelled RILAUN XOR.
You hear the slow rusting of a distant drain.
Found the +7 Kryia's mail coat {PotionHeal*2 rC+}.
e - a scroll labelled RILAUN XOR You see here a +0 scale mail.
As you read the scroll of magic mapping, it crumbles to dust.
You feel aware of your surroundings.
You sensed 1 shop/portal.
Found a copper wand.
Found 5 gold pieces.
Found a scroll labelled GINNUF GIQU.
You see here the +7 Kryia's mail coat {PotionHeal*2 rC+}.
d - the +7 Kryia's mail coat {PotionHeal*2 rC+} You drop the +7 Kryia's mail coat {PotionHeal*2 rC+}.
Found a stone staircase leading up.
Found 14 gold pieces.
d - a wand of mindburst (9)
An iguana comes into view.
The iguana hisses angrily.
The iguana moves out of view.
The iguana hisses menacingly.
You see here 5 gold pieces.
You see here 5 gold pieces.
The iguana attacks as you move away! The iguana bites you!
Ouch! That really hurt!
Menkaure, Prince of Dust comes into view.
Menkaure shouts!
Menkaure casts a spell.
Menkaure seems to speed up.
The iguana attacks as you move away! The iguana bites you.
Found 4 poisoned darts.
The iguana attacks as you move away! The iguana bites you.
* * * LOW HITPOINT WARNING * * *
A rat comes into view.
A gnoll comes into view. It is wielding a +0 flail.
Menkaure murmurs in an indecipherable tongue.
Menkaure hits you!
Ouch! That really hurt!
You die...

.....## *****,,*** ......#
*##*,,,,,,,*, ......#
*####.(.,,,,,,,,* ......###
#####.......,,^,,,,,,
........#####.......#..#~,,*,,,,,
.......................~~~~~,,,,,
.....................#~~~~~~~*,,,
..###...[.............r~~~~~~~,,*
### #..........l@M....~~~∩~~~,,,*
#.................~~~~~~~,,**
##.....##......#.#g~~~~~~*,*
###..$.######..##,..~~~~~,,,*
**#......# ####**,,#,,,*,,**
#....?..##* **,,,,,,,**
##........** ****,,,,,**
#.........# *,,,,,,,**
#..$......#* *,,,,,,,,*


You could see Menkaure (fast), an iguana, a gnoll (wandering) and a rat.

Vanquished Creatures
  An orc (D:5)
1 creature vanquished.

Notes
Turn   | Place    | Note
-------+----------+-------------------------------------------
     0 | D:5      | ImASeal the Troll Delver began the quest for the Orb.
     0 | D:5      | Reached XP level 1. HP: 22/22 MP: 0/0
    14 | D:5      | Noticed an iguana
    97 | D:5      | Found the +7 Kryia's mail coat {PotionHeal*2 rC+}
   124 | D:5      | Noticed an iguana
   132 | D:5      | Noticed Menkaure
   135 | D:5      | Mangled by Menkaure

Illustrated notes

Levels and vault maps discovered:
D:5:      layout_cave_pods, minmay_temple_entry_from_below_b,
          cheibrodos_sewer_entry_drain, uniq_menkaure

Action                   || total
-------------------------++-------
Melee: Hand axe          ||    22
       Punch             ||     1
  Use: Scroll            ||     2
Armor: Robe              ||     3
Dodge: Dodged            ||    10
